 Dungeon Crawl Stone Soup version 0.30.0-17-ge0270778cf (webtiles) character file.

Game seed: 3887346176672562521

581 GloriousHammer the Sneak (level 7, -3/36 HPs)
             Began as a Kobold Enchanter on May 21, 2023.
             Slain by Duvessa
             ... wielding a +2 short sword of flaming
              (10 damage)
             ... on level 4 of the Dungeon.
             The game lasted 00:09:57 (4496 turns).

GloriousHammer the Sneak (Kobold Enchanter)         Turns: 4496, Time: 00:09:57

Health: -3/36      AC:  6    Str:  5    XL:     7   Next: 63%
Magic:  7/13       EV: 29    Int: 19    God:
Gold:   75         SH:  0    Dex: 15    Spells: 5/14 levels left

rFire   . . .        a - +1 dagger
rCold   + . .        (no shield)
rNeg    . . .        m - +3 leather armour {rC+}
rPois   .            (no helmet)
rElec   .            (no cloak)
rCorr   .            (no gloves)
SInv    +            (no boots)
Will    .....        i - amulet of the acrobat
Stlth   ++++         v - ring of see invisible
HPRegen 0.26/turn    (no ring)
MPRegen 0.13/turn

%: acrobat
@: acrobatic, very slightly contaminated, invisible
A: small, no large weapons, nightstalker 3
a: no special abilities


You were on level 4 of the Dungeon.
You visited 1 branch of the dungeon, and saw 4 of its levels.

You collected 165 gold pieces.
You spent 90 gold pieces at shops.

Inventory:

Hand Weapons
 a - a +1 dagger (weapon)
Armour
 m - a +3 leather armour of cold resistance (worn)
Jewellery
 i - an amulet of the acrobat (around neck)
 v - a ring of see invisible (left hand)
Scrolls
 b - a scroll of fog {unknown}
 e - a scroll of blinking {unknown}
 g - 4 scrolls of identify {unknown}
 p - a scroll of poison {unknown}
Potions
 c - a potion of invisibility
 d - 3 potions of curing {unknown}
 f - 5 potions of heal wounds {unknown}
 h - 2 potions of brilliance {unknown}
 j - 2 potions of haste {unknown}
 k - 2 potions of degeneration {unknown}
 l - a potion of flight {unknown}
 n - a potion of resistance {unknown}
 o - a potion of might {unknown}


   Skills:
 + Level 4.7 Short Blades
 - Level 2.4 Dodging
 + Level 6.6 Stealth
 + Level 4.1 Spellcasting
 - Level 2.0 Conjurations
 + Level 4.7 Hexes


You had 5 spell levels left.
You knew the following spells:

 Your Spells              Type           Power      Damage    Failure   Level
a - Confusing Touch       Hex            21%        N/A       10%         3
b - Tukima's Dance        Hex            21%        N/A       10%         3
c - Dazzling Flash        Conj/Hex       32%        N/A       17%         3

Your spell library contained the following spells:

 Spells                   Type           Power      Damage    Failure   Level
 Ensorcelled Hibernation  Hex/Ice        24%        N/A       13%         2
 Summon Small Mammal      Summ           12%        N/A       22%         1
 Portal Projectile        Hex/Tloc       24%        N/A       26%         3
 Summon Guardian Golem    Hex/Summ       12%        N/A       26%         3
 Lesser Beckoning         Tloc           6%         N/A       34%         2
 Call Canine Familiar     Summ           3%         N/A       56%         3
 Gell's Gravitas          Tloc           3%         N/A       56%         3
 Teleport Other           Tloc           3%         N/A       56%         3
 Blade Hands              Tmut           1%         N/A       99%         5


Dungeon Overview and Level Annotations

Branches:
Dungeon (4/15)
 Temple: D:4-7

Altars:
Nemelex Xobeh
Sif Muna
Zin

Shops:
D:1 [   D:4 :

Annotations:
D:3 2 runed translucent doors, exclusion: downstairs
D:4 Duvessa


Innate Abilities, Weirdness & Mutations

You are small and have problems with some larger weapons.
You are completely attuned to the shadows.


Message History

You hit the ogre but do no damage. You barely miss the ogre.
The ogre closely misses you.
Casting: Tukima's Dance (quite dangerous; 11% risk of failure)
Confirm with . or Enter, or press ? or * to list all spells.
Your hands begin to glow red.
You hit the ogre but do no damage.
The ogre appears confused.
The ogre hits you with a +0 giant club!
You hit the ogre.
The ogre is lightly wounded.
You hit the ogre.
The ogre is lightly wounded.
The ogre misses you.
You catch the helpless ogre completely off-guard!
You puncture the ogre!
The ogre is severely wounded.
You hit the ogre.
The ogre is almost dead.
The ogre completely misses you.
You hit the ogre.
The ogre is almost dead.
The ogre misses you.
The ogre hits itself with a +0 giant club!!
The ogre is killed!
Your Spellcasting skill increases to level 4!
Things that are here:
a +0 giant club; an ogre corpse You see here a +0 hand axe.
You see here a +0 hand axe.
Things that are here:
a +0 giant club; an ogre corpse
There is an open door here.
There is an open door here.
You open the door.
There is an open door here.
A gnoll is nearby!
A gnoll is nearby!
Casting: Confusing Touch (quite dangerous; 11% risk of failure)
Confirm with . or Enter, or press ? or * to list all spells.
Aiming: Tukima's Dance (quite dangerous; 11% risk of failure)
Press: ? - help, Shift-Dir - straight line, f - gnoll
Aim: a gnoll, wielding a +0 club (wandering, hasn't noticed you, chance to affect: 62%)
The gnoll shouts!
The gnoll resists with significant effort.
Casting: Tukima's Dance (quite dangerous; 11% risk of failure)
Confirm with . or Enter, or press ? or * to list all spells.
Aiming: Tukima's Dance (quite dangerous; 11% risk of failure)
Press: ? - help, Shift-Dir - straight line, f/p - gnoll
Aim: a gnoll, wielding a +0 club (chance to affect: 62%)
The gnoll resists with significant effort.
Casting: Tukima's Dance (quite dangerous; 11% risk of failure)
Confirm with . or Enter, or press ? or * to list all spells.
Aiming: Tukima's Dance (quite dangerous; 11% risk of failure)
Press: ? - help, Shift-Dir - straight line, f/p - gnoll
Aim: a gnoll, wielding a +0 club (chance to affect: 62%)
The gnoll resists with significant effort.
You barely miss the gnoll. You completely miss the gnoll.
The gnoll hits you with a +0 club.
You barely miss the gnoll. The gnoll closely misses you.
You hit the gnoll.
The gnoll is lightly wounded.
The gnoll barely misses you.
You hit the gnoll but do no damage.
The gnoll is lightly wounded.
You hit the gnoll.
The gnoll is moderately wounded.
The gnoll completely misses you.
Casting: Tukima's Dance (quite dangerous; 11% risk of failure)
Confirm with . or Enter, or press ? or * to list all spells.
Your hands begin to glow red.
The gnoll hits you but does no damage.
You hit the gnoll but do no damage.
The gnoll appears confused.
The gnoll is moderately wounded.
The gnoll completely misses you.
You catch the helpless gnoll completely off-guard!
You impale the gnoll!!
You kill the gnoll!
An orc comes into view. It is wielding a +0 short sword.
The orc moves out of view.
Things that are here:
a +0 club; a gnoll corpse An orc is nearby!
Things that are here:
a +0 club; a gnoll corpse You start resting.
A hobgoblin comes into view.
A hobgoblin is nearby!
A hobgoblin is nearby!
The hobgoblin shouts!
You hear a shout!
The hobgoblin completely misses you.
You closely miss the hobgoblin. You hit the hobgoblin but do no damage.
The hobgoblin closely misses you.
You hit the hobgoblin.
The hobgoblin is lightly wounded.
The hobgoblin misses you.
You hit the hobgoblin.
The hobgoblin is moderately wounded.
The hobgoblin misses you.
You barely miss the hobgoblin.
The hobgoblin is moderately wounded.
You hit the hobgoblin.
The hobgoblin is heavily wounded.
The hobgoblin completely misses you.
You closely miss the hobgoblin.
The hobgoblin is heavily wounded.
The hobgoblin hits you.
You closely miss the hobgoblin.
The hobgoblin is heavily wounded.
The hobgoblin misses you. The orc hits you but does no damage.
You hit the hobgoblin.
The hobgoblin is almost dead.
The hobgoblin barely misses you. The orc closely misses you.
You hit the hobgoblin but do no damage.
The hobgoblin is almost dead.
You hit the hobgoblin but do no damage.
The hobgoblin is almost dead.
The hobgoblin closely misses you. The orc hits you but does no damage.
You hit the hobgoblin.
You kill the hobgoblin!
The orc barely misses you.
You barely miss the orc. The orc misses you.
You barely miss the orc. The orc hits you but does no damage.
You hit the orc but do no damage. You hit the orc.
The orc is severely wounded.
The orc barely misses you.
You barely miss the orc.
The orc is severely wounded.
The orc hits you with a +0 short sword.
You barely miss the orc.
The orc is severely wounded.
The orc closely misses you.
You closely miss the orc.
The orc is severely wounded.
You hit the orc.
The orc is almost dead.
The orc hits you with a +0 short sword.
You closely miss the orc.
The orc is almost dead.
The orc barely misses you.
You hit the orc.
You kill the orc!
You now have 75 gold pieces (gained 15).
You see here a +0 short sword.
HP restored.
Magic restored.
You open the door.
There is an open door here.
Dowan, Brother of Duvessa comes into view.
He is wielding a +4 dagger of protection and wearing a +2 robe of resistance.
Dowan is nearby!
Duvessa and a goblin come into view.
Duvessa is wielding a +2 short sword of flaming.
A goblin comes into view. It is wielding a +0 club.
The helpless Dowan fails to defend himself.
You impale Dowan!!
You kill Dowan!
Duvessa screams, "No!
How DARE you!"
Duvessa goes berserk!
The goblin shouts!
You hear a shout! x7
Training target 2.0 for Conjurations reached!
Your Conjurations skill increases to level 2!
You fade into invisibility!
You hear a shout!
Duvessa closely misses you.
A goblin comes into view. It is wielding a +0 dagger.
Casting: Confusing Touch (quite dangerous; 10% risk of failure)
Confirm with . or Enter, or press ? or * to list all spells.
Aiming: Tukima's Dance (quite dangerous; 10% risk of failure)
Press: ? - help, Shift-Dir - straight line, f - Duvessa
Aim: Duvessa, wielding a +2 short sword of flaming and wearing a +0 leather armour (berserk, unable to see you, chance to affect: 36%) Duvessa easily resists.
Duvessa misses you.
Duvessa hits you with a +2 short sword of flaming!
Duvessa burns you.
The goblin unwields a +0 club.
The goblin wields a +0 sling.
The goblin shoots a sling bullet.
The sling bullet closely misses you.
You hear a shout! x2
Casting: Tukima's Dance (quite dangerous; 10% risk of failure)
Confirm with . or Enter, or press ? or * to list all spells.
Aiming: Tukima's Dance (quite dangerous; 10% risk of failure)
Press: ? - help, Shift-Dir - straight line, f/p - Duvessa
Aim: Duvessa, wielding a +2 short sword of flaming and wearing a +0 leather armour (berserk, unable to see you, chance to affect: 36%)
You miscast Tukima's Dance.
You are very lightly contaminated with residual magic.
Nothing appears to happen.
Duvessa hits you with a +2 short sword of flaming!
Duvessa burns you.
Unknown command.
You barely miss Duvessa. Duvessa barely misses you. x2
Unknown command.
You catch the helpless Duvessa completely off-guard!
You puncture Duvessa!
Duvessa is moderately wounded.
You hear a shout! x2
You hit Duvessa.
Duvessa is moderately wounded.
You hit Duvessa but do no damage.
Duvessa is moderately wounded.
Duvessa hits you with a +2 short sword of flaming.
* * * LOW HITPOINT WARNING * * *
Duvessa burns you.
* * * LOW HITPOINT WARNING * * *
Duvessa hits you with a +2 short sword of flaming!
You die...

#.. ##'####...##... #.
#..#...........
#..#......##..#
##.####...##..#
#########.####...##..#
.....................'
g....................#
...g.................#
####e@###.######.##...
#..# ### #.##.##
....).... .........
#g######. #.


You could see Duvessa (berserk, unable to see you) and 2 goblins.

Vanquished Creatures
  2 ogres (D:4)
  A phantom (D:3)
  A scorpion (D:3)
  Dowan (D:4)
  A jelly (D:2)
  A hound (D:4)
  4 gnolls (D:4)
  4 adders
  An ufetubus (D:4)
  2 worms (D:2)
  3 dart slugs (D:2)
  4 orcs (D:4)
  3 endoplasms
  2 giant cockroaches
  9 goblins
  5 hobgoblins
  6 jackals (D:3)
  10 kobolds
  4 quokkas
  4 ball pythons
  9 bats
  3 frilled lizards
  5 rats
85 creatures vanquished.

Notes
Turn   | Place    | Note
-------+----------+-------------------------------------------
     0 | D:1      | GloriousHammer the Kobold Enchanter began the quest for the
                  | Orb.
     0 | D:1      | Reached XP level 1. HP: 10/10 MP: 3/3
   303 | D:1      | Reached XP level 2. HP: 15/15 MP: 5/5
   330 | D:1      | Found a faded altar of an unknown god.
   495 | D:1      | Found Wismazuv's Antique Armour Shoppe.
   773 | D:2      | Reached XP level 3. HP: 19/19 MP: 6/6
   904 | D:2      | Found a sparkling altar of Nemelex Xobeh.
  1205 | D:2      | Learned a level 3 spell: Confusing Touch
  1209 | D:2      | Learned a level 3 spell: Tukima's Dance
  1293 | D:2      | Reached XP level 4. HP: 24/24 MP: 8/8
  1412 | D:2      | Reached skill level 5 in Stealth
  1771 | D:2      | Reached XP level 5. HP: 26/28 MP: 9/9
  2120 | D:1      | Bought a glowing leather armour for 90 gold pieces
  2274 | D:3      | Found a glowing silver altar of Zin.
  2480 | D:3      | Found a large runed translucent door.
  2481 | D:3      | Found a large runed translucent door.
  2557 | D:3      | Noticed a phantom
  2582 | D:3      | Killed a phantom
  2733 | D:3      | Reached XP level 6. HP: 32/32 MP: 11/11
  2916 | D:3      | Found a shimmering blue altar of Sif Muna.
  3334 | D:4      | Learned a level 3 spell: Dazzling Flash
  3684 | D:4      | Noticed an ogre
  4036 | D:4      | Found a sparkling altar of Nemelex Xobeh.
  4081 | D:4      | Reached skill level 6 in Stealth
  4081 | D:4      | Reached skill level 1 in Conjurations
  4143 | D:4      | Noticed a walking frostbound tome
  4145 | D:4      | Found Fenloxko's Book Shop.
  4147 | D:4      | Noticed a walking earthen tome
  4198 | D:4      | Noticed an ogre
  4200 | D:4      | Killed an ogre
  4201 | D:4      | Reached XP level 7. HP: 36/36 MP: 12/12
  4484 | D:4      | Noticed Dowan
  4485 | D:4      | Noticed Duvessa
  4488 | D:4      | Killed Dowan
  4496 | D:4      | Slain by Duvessa

Illustrated notes

Levels and vault maps discovered:
D:1:      evilmike_arrival_hilbert_curve, layout_basic, serial_shops,
          nicolae_shop_temple_entry_statues_fountains,
          dreamdust_ecumenical_altar_grove
D:2:      layout_basic, basic_altar, kennysheep_nub,
          chequers_serial_rivers_micro_c, minivault_4, hangedman_glass_teeth,
          minmay_misc_feat_cross, st_stairs_7, minmay_tromino_v7
D:3:      layout_loops_ring, old_standard_altar, lemuel_doored_altar,
          ebering_ghost_disaster_area, chequers_serial_rivers_micro_a
D:4:      layout_gridville, mainiacjoe_overflow_cross_hatched, serial_shops,
          nicolae_shop_mannequins, uniq_robin, uniq_duvessa

Skill      XL: |  1  2  3  4  5  6  7 |
---------------+----------------------+-----
Short Blades   | 2 3 4 |  4.7
Stealth        | 5 6 |  6.6
Spellcasting   | 3 4 |  4.1
Hexes          | 4 |  4.7
Conjurations   | 1 2 |  2.0
Dodging        | |  2.4

Action                     |  1- 3 |  4- 6 |  7- 9 || total
---------------------------+-------+-------+-------++-------
  Melee: Dagger            |    85 |   198 |    44 ||   327
         Punch             |       |     4 |       ||     4
   Cast: Confusing Touch   |       |    10 |     2 ||    12
         Tukima's Dance    |       |       |     7 ||     7
    Use: Potion            |       |       |     1 ||     1
   Stab: Sleeping          |    19 |    14 |     2 ||    35
         Distracted        |     1 |       |       ||     1
         Confused          |       |     8 |     2 ||    10
         Invisible         |       |       |     1 ||     1
 Armour: Robe              |     7 |     3 |       ||    10
         Leather armour    |       |    30 |     4 ||    34
  Dodge: Dodged            |    56 |   135 |    28 ||   219
